 Dungeon Crawl Stone Soup version 0.25.0-11-g1f837a76a1 (webtiles) character file.

Game seed: 8584808739275295552

269 Esekla the Grave Robber (level 6, -9/39 HPs)
             Began as an Octopode Necromancer on June 27, 2020.
             Mangled by an ice beast (10 damage)
             ... on level 5 of the Dungeon.
             The game lasted 00:16:20 (2560 turns).

Esekla the Grave Robber (Octopode Necromancer)      Turns: 2560, Time: 00:16:21

Health: -9/39      AC:  1    Str:  8    XL:     6   Next: 22%
Magic:  0/10       EV: 15    Int: 19    God:
Gold:   134        SH:  0    Dex: 18    Spells: 7/11 levels left

rFire    . . .     SeeInvis .   x - +4 short sword (vamp)
rCold    . . .     Gourm    .   (no shield)
rNeg     . . .     Faith    .   (helmet restricted)
rPois    .         Spirit   +   i - amulet of guardian spirit
rElec    .         Reflect  .   o - +6 ring of dexterity
rCorr    .         Harm     .   (no ring)
MR       .....                  (no ring)
Stlth    ++++......             (no ring)
HPRegen  0.13/turn              (no ring)
MPRegen  0.12/turn              (no ring)
                                (no ring)
                                (no ring)

@: flying
A: almost no armour, stealthy swim, amphibious, 8 rings, constrict 8, camouflage
1, gelatinous body 1
a: no special abilities


You were on level 5 of the Dungeon.
You were not hungry.

You visited 2 branches of the dungeon, and saw 5 of its levels.

You collected 134 gold pieces.

Inventory:

Hand Weapons
 m - a +1 dagger of protection
 v - a +4 dagger of venom
 x - a +4 vampiric short sword (weapon)
Missiles
 r - 6 boomerangs (quivered)
Jewellery
 i - an amulet of guardian spirit (around mantle)
 o - a +6 ring of dexterity (left tentacle)
Wands
 h - a wand of disintegration (17)
 s - a wand of iceblast (7)
Scrolls
 c - a scroll of fear {unknown}
 e - a scroll of enchant armour {unknown}
 f - a scroll of amnesia {unknown}
 g - 2 scrolls of immolation {unknown}
 j - 2 scrolls of teleportation {unknown}
 k - 2 scrolls of identify {unknown}
 n - 2 scrolls of fog {unknown}
 q - a scroll of blinking {unknown}
 t - a scroll of remove curse {unknown}
Potions
 d - a potion of lignification {unknown}
 l - a potion of degeneration {unknown}
Comestibles
 b - 5 rations
 u - 3 chunks of flesh


   Skills:
 * Level 2.2 Fighting
 * Level 3.2 Short Blades
 * Level 3.0 Dodging
 + Level 3.8 Stealth
 * Level 3.1 Spellcasting
 + Level 4.0 Necromancy


You had 7 spell levels left.
You knew the following spells:

 Your Spells              Type           Power        Failure   Level  Hunger
a - Pain                  Necr           ###.         2%          1    None
d - Vampiric Draining     Necr           ###.......   9%          3    ###....

Your spell library contained the following spells:

 Spells                   Type           Power        Failure   Level  Hunger
 Animate Skeleton         Necr           N/A          2%          1    None
 Animate Dead             Necr           N/A          28%         4    ####...
 Agony                    Necr           ###.....     61%         5    ######.


Dungeon Overview and Level Annotations

Branches:
Dungeon (5/15)             Temple (1/1) D:5

Altars:
Ashenzari
Cheibriados
Dithmenos
Elyvilon
Gozag
Kikubaaqudgha
Nemelex Xobeh
Ru
Sif Muna
Trog
Uskayaw
Wu Jian
Xom

Shops:
D:5 =

Annotations:
D:5 3 runed translucent doors, xccam's ghost, novice TeAs


Innate Abilities, Weirdness & Mutations

You cannot wear most types of armour.
You are very stealthy in the water. (Stealth+)
You are amphibious.
You can wear up to eight rings at the same time.
You can use your tentacles to constrict eight enemies at once.
Your skin changes colour to match your surroundings (Stealth+).
Your rubbery body absorbs attacks. (AC +1, EV +1)


Message History

It was a potion of curing.
You feel better. The ice beast misses you.
You barely miss the ice beast.
The ice beast is moderately wounded.
The ice beast barely misses you.
You hit the ice beast.
You feel better.
The ice beast is heavily wounded.
You hit the ice beast but do no damage. Your squeeze misses the ice beast.
The ice beast is heavily wounded.
The ice beast hits you. The ice beast freezes you!
* * * LOW HITPOINT WARNING * * *
You feel better. The ice beast hits you. The ice beast freezes you!
* * * LOW HITPOINT WARNING * * *
Okay, then.
Okay, then.
It was a potion of flight.
You feel very buoyant.
You fly up into the air.
The ice beast hits you.
* * * LOW HITPOINT WARNING * * *
The ice beast freezes you!
You die...

########..
#.Y.......
####@######## # ##
..#.# #8###8# #.#.#
#####8...8...
..#####.#.#
#..##.......(
.......#..#
#..#_........ #.###
#.###........
#.######.###8...8...
#. #.........#
##8###8# #.#
######....# ######


You could see an ice beast.

Vanquished Creatures
  A crimson imp (D:5)
  A jelly (D:5)
  A hound (D:5)
  A bullfrog skeleton (D:4)
  Ijyb (D:4)
  An iguana (D:5)
  A worker ant (D:5)
  2 adders
  A shadow imp (D:5)
  A worm (D:4)
  4 leopard geckos
  An orc (D:5)
  2 ball pythons (D:1)
  5 giant cockroaches
  5 goblins (D:1)
  2 hobgoblins (D:1)
  A quokka (D:5)
  4 bats (D:1)
  A frilled lizard (D:1)
  5 kobolds (D:1)
  5 rats (D:1)
46 creatures vanquished.

Notes
Turn   | Place    | Note
-------+----------+-------------------------------------------
     0 | D:1      | Esekla the Octopode Necromancer began the quest for the
                  | Orb.
     0 | D:1      | Reached XP level 1. HP: 11/11 MP: 3/3
   250 | D:1      | Reached XP level 2. HP: 18/18 MP: 5/5
   392 | D:1      | Reached skill level 1 in Fighting
   555 | D:1      | Reached XP level 3. HP: 23/23 MP: 6/6
   562 | D:1      | Learned a level 3 spell: Vampiric Draining
   645 | D:1      | Reached skill level 1 in Short Blades
   812 | D:1      | Found a sparkling altar of Nemelex Xobeh.
   853 | D:2      | You fall into a shaft and drop 2 floors!
   927 | D:4      | Reached XP level 4. HP: 4/28 MP: 1/7
  1418 | D:4      | Noticed Ijyb
  1428 | D:4      | Killed Ijyb
  1719 | D:5      | Entered Level 5 of the Dungeon
  1719 | D:5      | Found Zakhef's Jewellery Shop.
  1739 | D:5      | Reached XP level 5. HP: 24/33 MP: 5/9
  1777 | D:5      | Found a runed translucent gate.
  1777 | D:5      | Found a runed translucent gate.
  1777 | D:5      | Found a runed translucent gate.
  1777 | D:5      | Noticed xccam's ghost (novice TeAs)
  1815 | D:5      | Noticed a two-headed ogre
  1912 | D:5      | Reached XP level 6. HP: 26/38 MP: 8/10
  2251 | D:5      | Found a staircase to the Ecumenical Temple.
  2287 | Temple   | Entered the Ecumenical Temple
  2524 | D:5      | Found an opulent altar of Gozag.
  2542 | D:5      | Noticed an ice beast
  2560 | D:5      | HP: 1/39 [ice beast (3)]
  2560 | D:5      | Mangled by an ice beast

Illustrated notes

Levels and vault maps discovered:
D:1:      dpeg_arrival_lava_altar, layout_basic, hangedman_decor_clover_reticule
D:2:      layout_rooms, yredelemnul_altar_generic, first_ration
D:4:      layout_basic, dk_noncrumbling_4, uniq_ijyb
D:5:      layout_loops_ring, nicolae_overflow_hidden_temple,
          minmay_temple_entry_grid, basic_altar, ebering_ghost_rock_garden,
          minmay_shop_enchanted_jewellery
Temple:   minmay_temple_bridge_abc

Skill      XL: |  1  2  3  4  5  6 |
---------------+-------------------+-----
Fighting       | 1 2 |  2.2
Short Blades   | 1 2 3 |  3.2
Stealth        | 3 |  3.8
Spellcasting   | 3 |  3.1
Dodging        | 3 |  3.0
Necromancy     | |  4.0

Action                   |  1- 3 |  4- 6 || total
-------------------------+-------+-------++-------
Melee: Dagger            |    38 |    47 ||    85
       Constrict         |     6 |    10 ||    16
       Tentacles         |     2 |    11 ||    13
       Short sword       |     6 |    13 ||    19
Throw: Boomerang         |       |     1 ||     1
 Cast: Pain              |     7 |       ||     7
  Use: Potion            |       |     3 ||     3
 Stab: Sleeping          |     9 |     3 ||    12
  Eat: Chunk             |       |     2 ||     2
       Ration            |       |     1 ||     1
Armor: Skin              |     3 |     1 ||     4
Dodge: Dodged            |    27 |    31 ||    58
